 Dungeon Crawl Stone Soup version 0.29-a0-330-g52719c12eb (webtiles) character file.

Game seed: 17912399230480960123

15 Ajdolov the Shooter (level 2, -3/25 HPs)
             Began as a Draconian Hunter on Apr 23, 2022.
             Slain by Terence
             ... wielding a +0 flail
              (5 damage)
             ... on level 1 of the Dungeon.
             The game lasted 00:01:42 (974 turns).

Ajdolov the Shooter (Draconian Hunter)               Turns: 974, Time: 00:01:43

Health: -3/25      AC:  4    Str: 13    XL:     2   Next: 34%
Magic:  2/2        EV: 12    Int:  9    God:
Gold:   61         SH:  0    Dex: 14    Spells: 1/1 levels left

rFire   . . .      SeeInvis .   a - +1 shortbow
rCold   . . .      Faith    .   (shield currently unavailable)
rNeg    . . .      Spirit   .   (body armour unavailable)
rPois   .          Reflect  .   (helmet restricted)
rElec   .          Harm     .   (no cloak)
rCorr   .          Rampage  .   (no gloves)
Will    .....                   (no boots)
Stlth   ++........              (no amulet)
HPRegen 0.08/turn               (no ring)
MPRegen 0.08/turn               (no ring)

@: no status effects
A: AC +4, unfitting armour, cold-blooded
a: no special abilities


You were on level 1 of the Dungeon.
You visited 1 branch of the dungeon, and saw 2 of its levels.

You collected 61 gold pieces.

Inventory:

Hand Weapons
 a - a +1 shortbow (weapon)
Scrolls
 b - a scroll of immolation
 c - a scroll of identify
 e - a scroll of enchant armour


   Skills:
 + Level 2.6 Fighting
 * Level 4.0 Bows
 - Level 1.7 Dodging
 - Level 0.8 Stealth


You had one spell level left.
You didn't know any spells.
Your spell library contained the following spells:

 Spells                   Type           Power      Damage    Failure   Level
 Summon Small Mammal      Summ           0%         N/A       38%         1
 Ensorcelled Hibernation  Hex/Ice        0%         N/A       52%         2
 Passwall                 Tmut/Erth      0%         N/A       52%         2
 Call Canine Familiar     Summ           0%         N/A       77%         3
 Summon Guardian Golem    Hex/Summ       0%         N/A       77%         3
 Swiftness                Air            0%         N/A       77%         3


Dungeon Overview and Level Annotations

Branches:
Dungeon (2/15)

Altars:

Annotations:
D:1 Terence


Innate Abilities, Weirdness & Mutations

Your plain brown scales are hard. (AC +4)
You cannot fit into any form of body armour.
You are cold-blooded and may be slowed by cold attacks.


Message History

There is a stone staircase leading up here.
You climb upwards.
There is a stone staircase leading down here.
You start resting.
HP restored.
There's nothing to close nearby.
You climb downwards.
Level annotation: Terence Terence closely misses you.
There is a stone staircase leading up here.
Terence barely misses you.
You climb upwards.
There is a stone staircase leading down here.
As you read the scroll labelled WOHAPO WEGOI, it crumbles to dust.
You speak a Word of immense power!
It was a scroll of holy word.
Terence asks, "Do you want it fast or slow?"
Terence hits you with a +0 flail!
Okay, then.
You aren't carrying any potions.
Unknown command.
Okay, then.
Terence attacks as you move away! Terence closely misses you.
You don't know any spells.
Sorry, you're not good enough to have a special ability.
Unknown command.
You shoot an arrow. The arrow hits Terence.
Terence is lightly wounded.
Terence hits you with a +0 flail!
Unknown command.
You are too injured to fight recklessly!
You are too injured to fight recklessly!
You are too injured to fight recklessly!
Shoot: a) +1 shortbow
Press: ? - help, Q - select action Shift-Dir - straight line, f/p - Terence
Aim: Terence, wielding a +0 flail and wearing a +2 chain mail of cold resistance (lightly wounded, 70% to hit)
You shoot an arrow. The arrow closely misses Terence.
Terence hits you with a +0 flail!
* * * LOW HITPOINT WARNING * * *
Terence hits you with a +0 flail.
You die...

..(.....(##.#....................
............#....#..##.##########
###......####.#........#
###.#...## #.#..##...###########
Z##'##### #.#..................
##...### #.##.##.........#####
...>.#^# #.#.......#####.#
##...### #.#.@#....# #.# Z##'##
#.#.@#....# #.# ###.#
####.#..#....#####.#
#.######....##.#........#.#
#..............#......#.#.#
########....##.#..#####†#.#
#....##.#..........#
#....##.#.######.###
#....##.#.######.#
#.......#........#


You could see Terence.

Vanquished Creatures
  A dart slug (D:2)
  A ball python (D:1)
  2 bats (D:1)
  An endoplasm (D:1)
  A goblin (D:2)
  2 hobgoblins
  A quokka (D:2)
  2 kobolds
  A rat (D:1)
12 creatures vanquished.

Notes
Turn   | Place    | Note
-------+----------+-------------------------------------------
     0 | D:1      | Ajdolov the Draconian Hunter began the quest for the Orb.
     0 | D:1      | Reached XP level 1. HP: 17/17 MP: 1/1
     7 | D:1      | Noticed a spriggan
    11 | D:1      | Noticed an elf
    19 | D:1      | Noticed a demonspawn
    19 | D:1      | Noticed a dwarf
    19 | D:1      | Noticed a ghoul
   712 | D:2      | Reached XP level 2. HP: 25/25 MP: 2/2
   750 | D:2      | Reached skill level 4 in Bows
   836 | D:2      | Noticed Terence
   974 | D:1      | Slain by Terence

Illustrated notes

Levels and vault maps discovered:
D:1:      shiori_arrival_whats_in_store_for_you, layout_basic
D:2:      cheibrodos_greedy_goblins, layout_basic,
          shapermc_ecumenical_altar_starsandcircs, uniq_crazy_yiuf_cottage,
          uniq_terence

Skill      XL: |  1  2 |
---------------+-------+-----
Bows           | 4 |  4.0
Fighting       | |  2.6
Dodging        | |  1.7
Stealth        | |  0.8

Action                   || total
-------------------------++-------
 Fire: Shortbow          ||    38
  Use: Scroll            ||     3
       Potion            ||     1
Armor: Skin              ||     5
Dodge: Dodged            ||     7

Table legend: (Time is in decaauts)
 A = Elapsed time spent in this place.
 B = Non-inter-level travel time spent in this place.
 C = Inter-level travel time spent in this place.
 D = Time resting spent in this place.
 E = Time spent auto-exploring this place.
 F = Levels seen in this place.
 G = Mean time per level.
                   A        B        C        D        E       F      G
               +--------+--------+--------+--------+--------+-----+--------+
         Total |    986 |    941 |     45 |     85 |    735 |   2 |  493.0 |
       Dungeon |    986 |    941 |     45 |     85 |    735 |   2 |  493.0 |
               +--------+--------+--------+--------+--------+-----+--------+

Top non-repeatable levels by time:
     D:1: 808 daAuts
     D:2: 178 daAuts
